 Dungeon Crawl Stone Soup version 0.13.1-22-g086cdba (webtiles) character file.

444 Kae the Insei (level 6, -2/47 HPs)
             Began as a Draconian Transmuter on Dec 31, 2013.
             Killed by divine providence
             ... invoked by an orc priest
              (12 damage)
             ... on Level 4 of the Dungeon.
             The game lasted 00:03:11 (3422 turns).

Kae the Insei (Draconian Transmuter)                Turns: 3422, Time: 00:03:11

HP  -2/47        AC  7     Str 12      XL: 6   Next: 26%
MP   8/9         EV 12     Int 14      God:
Gold 113         SH  0     Dex 13      Spells:  1 memorised,  8 levels left

Res.Fire  : . . .   See Invis. : .     - Unarmed
Res.Cold  : . . .   Warding    : .   (armour unavailable)
Life Prot.: . . .   Conserve   : .   (no shield)
Res.Poison: +       Res.Corr.  : .   (helmet restricted)
Res.Elec. : .       Clarity    : .   r - +0 cloak
Sust.Abil.: . .     Spirit.Shd : .   (no gloves)
Res.Mut.  : .       Stasis     : .   (no boots)
Res.Rott. : .       Flight     : .   (no amulet)
Saprovore : . . .                    (no ring)
                                     q - ring of poison resistance

@: very slightly contaminated, slightly resistant to hostile enchantments,
unstealthy
A: unfitting armour, AC +6
a: no special abilities


You were on level 4 of the Dungeon.
You were hungry.

You visited 1 branch of the dungeon, and saw 4 of its levels.

You collected 93 gold pieces.

Inventory:

Missiles
 b - 84 arrows
Armour
 r - a +0 cloak (worn)
Magical devices
 j - a wand of polymorph (1) {unknown}
Comestibles
 a - 2 bread rations
 g - a pear
 h - 2 rotting chunks of orc flesh
 k - a choko
 o - a meat ration
Scrolls
 c - 2 scrolls of enchant weapon I {unknown}
 e - 2 scrolls of identify
 f - 2 scrolls of teleportation
 i - a scroll of fear {unknown}
 l - a scroll of magic mapping {unknown}
Jewellery
 q - a ring of poison resistance (left hand)
Books
 d - a book of Changes

   Spells                             Type                      Level
   *Beastly Appendage                 Transmutation                1
   Sticks to Snakes                   Transmutation                2
   Spider Form                        Transmutation/Poison         3
   Ice Form                           Ice/Transmutation            4
   Blade Hands                        Transmutation                5


   Skills:
 - Level 1.1 Fighting
 - Level 1.7 Dodging
 * Level 6.2 Unarmed Combat
 - Level 2.0 Spellcasting
 + Level 3.8 Transmutations


You had 8 spell levels left.
You knew the following spells:

 Your Spells              Type           Power        Failure   Level  Hunger
a - Beastly Appendage     Trmt           ##....       6%          1    ##.....


Dungeon Overview and Level Annotations

Branches:
Dungeon (4/27)
 Temple: D:4-7

Altars:


Message History

An orc priest comes into view. It is wielding an orcish whip.
Casting: Beastly Appendage
Confirm with . or Enter, or press ? or * to list all spells.
You miscast Beastly Appendage.
You are very lightly contaminated with residual magic.
Nothing appears to happen.
The orc priest invokes the aid of Beogh against you.
Something smites you!
The orc priest becomes somewhat translucent.
The orc priest mumbles some strange prayers to Beogh against you.
Something smites you!
* * * LOW HITPOINT WARNING * * *
The orc priest mumbles some strange prayers to Beogh against you.
Something smites you!
* * * LOW HITPOINT WARNING * * *
You hit the orc priest.
The orc priest is lightly wounded.
The orc priest calls down the wrath of Beogh upon you.
Something smites you!
You die...

♣.P♣##### P....#<<#
♣♣P.♣#.#.##
####♣♣.♣...#<## .
#......#......#...
#.......?........
#.#..............#
#.#..).........###
#........@........
#$.........o.......
#.#..........o....
#........###.....
.......#####....
......#####...
.....#####..
.....###.. ....


You could see 2 orc priests.

Vanquished Creatures
  A centaur (D:3)
  Crazy Yiuf (D:2)
  2 orc wizards (D:3)
  Jessica (D:3)
  6 adders
  2 inept feature mimics (D:3)
  A giant mite (D:2)
  6 giant geckos
  2 oozes (D:1)
  9 orcs
  A ball python (D:2)
  3 giant cockroaches
  3 hobgoblins
  A quokka (D:3)
  9 bats
  5 giant newts
  7 goblins
  11 kobolds
  9 rats
80 creatures vanquished.

Vanquished Creatures (others)
  An orc wizard (D:3)
1 creature vanquished.

Grand Total: 81 creatures vanquished

Notes
Turn   | Place    | Note
--------------------------------------------------------------
     0 | D:1      | Kae, the Draconian Transmuter, began the quest for the Orb.
     0 | D:1      | Reached XP level 1. HP: 16/16 MP: 1/1
    86 | D:1      | Reached XP level 2. HP: 15/23 MP: 3/3
   590 | D:1      | Reached XP level 3. HP: 21/28 MP: 4/4
  1200 | D:2      | Reached skill level 4 in Unarmed Combat
  1751 | D:2      | Reached XP level 4. HP: 30/35 MP: 6/6
  1886 | D:2      | Noticed Crazy Yiuf
  1897 | D:2      | Killed Crazy Yiuf
  2124 | D:3      | Reached skill level 5 in Unarmed Combat
  2145 | D:3      | Reached XP level 5. HP: 4/40 MP: 7/7
  2407 | D:3      | Noticed a centaur
  2417 | D:3      | Killed a centaur
  2599 | D:3      | Noticed Jessica
  2608 | D:3      | Killed Jessica
  2707 | D:3      | Reached XP level 6. HP: 47/47 MP: 9/9
  2770 | D:3      | Reached skill level 6 in Unarmed Combat
  3422 | D:4      | Killed from afar by an orc priest

Action                   |  1- 3 |  4- 6 || total
-------------------------+-------+-------++-------
Melee: Unarmed           |   169 |   172 ||   341
 Cast: Beastly Appendage |       |     4 ||     4
  Use: Scroll            |       |     8 ||     8
       Potion            |       |     2 ||     2
 Stab: Sleeping          |     1 |       ||     1
